 Dungeon Crawl Stone Soup version 0.19-a0-1740-g0bcaf2e (webtiles) character file.

3378 Alarkh the Carver (level 9, -4/57 HPs)
             Began as a Mummy Necromancer on Oct 1, 2016.
             Was a Believer of Okawaru.
             Slain by an orc warrior
             ... wielding a +2 war axe of venom
              (17 damage)
             ... on level 6 of the Dungeon.
             The game lasted 00:15:08 (7143 turns).

Alarkh the Carver (Mummy Necromancer)               Turns: 7143, Time: 00:15:09

Health: -4/57      AC: 13    Str: 11    XL:     9   Next: 74%
Magic:  16/18      EV: 10    Int: 18    God:    Okawaru [**....]
Gold:   286        SH:  0    Dex: 12    Spells: 3 memorised, 12 levels left

rFire  . . .     SeeInvis .     a - +4 flail (protect)
rCold  + . .     Gourm    .     p - +4 ring mail {rF+}
rNeg   + + +     Faith    .     (no shield)
rPois  ∞         Spirit   .     (no helmet)
rElec  .         Dismiss  .     u - +2 cloak
rCorr  .         Reflect  .     t - +0 pair of gloves
MR     +....     Harm     .     (no boots)
Stlth  +.........               (no amulet)
                                (no ring)
                                (no ring)

@: no status effects
A: no food or potions, fire vulnerability, cold resistance 1, negative energy
resistance 3, torment resistance, unbreathing
a: Heroism, Renounce Religion


You were on level 6 of the Dungeon.
You worshipped Okawaru.
Okawaru was pleased with you.
You were not hungry.

You visited 2 branches of the dungeon, and saw 9 of its levels.
You also visited: Ossuary.

You collected 538 gold pieces.
You spent 252 gold pieces at shops.

Inventory:

Hand Weapons
 a - a +4 flail of protection (weapon)
 d - a +0 dagger
 h - a +0 dagger
 i - a +0 falchion
 o - a +0 halberd of protection
 r - a +0 whip of electrocution
Missiles
 y - 3 throwing nets (quivered)
Armour
 c - a +0 robe
 j - a +1 robe of magic resistance
 k - a +2 ring mail of poison resistance
 p - a +4 ring mail of fire resistance (worn)
 t - a +0 pair of gloves (worn)
 u - a +2 cloak (worn)
Jewellery
 q - an uncursed amulet of harm
Wands
 s - a wand of iceblast (1/15)
Scrolls
 e - 2 scrolls of identify
 f - 2 scrolls of enchant weapon
 g - 4 scrolls of immolation
 l - a scroll of fear
 m - a scroll of blinking
 n - 3 scrolls of remove curse
 v - a scroll of recharging
 w - a scroll of magic mapping
 x - a scroll of noise
Books
 b - a book of Necromancy

   Spells                             Type                      Level
   a - Pain                           Necromancy                   1
   b - Animate Skeleton               Necromancy                   1
   c - Vampiric Draining              Necromancy                   3
   d - Regeneration                   Charms/Necromancy            3
   e - Animate Dead                   Necromancy                   4
   f - Control Undead                 Necromancy                   4


   Skills:
 + Level 8.9 Long Blades
 - Level 1.5 Dodging
 - Level 1.5 Stealth
 - Level 6.0 Spellcasting
 - Level 7.5 Necromancy


You had 12 spell levels left.
You knew the following spells:

 Your Spells              Type           Power        Failure   Level  Hunger
a - Pain                  Necr           ####         1%          1    N/A
b - Control Undead        Necr           ####......   14%         4    N/A
e - Vampiric Draining     Necr           ####......   4%          3    N/A

Dungeon Overview and Level Annotations

Branches:
Dungeon (8/15)             Temple (1/1) D:5
   Lair: D:8-11

Altars:
Ashenzari
Cheibriados
Elyvilon
Fedhas
Gozag
Hepliaklqana
Kikubaaqudgha
Makhleb
Nemelex Xobeh
Okawaru
Qazlal
Ru
Sif Muna
Trog
Uskayaw
Vehumet
Xom
Yredelemnul
Zin
The Shining One

Shops:
D:4 *   D:6 [


Innate Abilities, Weirdness & Mutations

You do not eat or drink.
Your flesh is vulnerable to fire.
You are immune to poison.
Your flesh is cold resistant. (rC+)
You are immune to negative energy. (rN+++)
You are immune to unholy pain and torment.
You can survive without breathing.


Message History

Evoke which item? (* to show all) (? for menu, Esc to quit)
Zapping:
s - a wand of iceblast (4/15)
Press: ? - help, Shift-Dir - straight line The mass of ice explodes!
This wand has 3 charges left.
Evoke which item? (* to show all) (? for menu, Esc to quit)
Zapping:
s - a wand of iceblast (3/15)
Press: ? - help, Shift-Dir - straight line The mass of ice explodes!
The iceblast engulfs the orc warrior.
The orc warrior is heavily wounded.
This wand has 2 charges left.
The orc warrior hits you with a war axe of venom!
* * * LOW HITPOINT WARNING * * *
Evoke which item? (* to show all) (? for menu, Esc to quit)
Zapping:
s - a wand of iceblast (2/15)
Press: ? - help, Shift-Dir - straight line The mass of ice explodes!
The iceblast engulfs the orc warrior.
The orc warrior is almost dead.
This wand has 1 charge left.
The orc warrior hits you with a war axe of venom!
You die...

.# .######
......#####
.####.#...# .#
#.##..#######
'####.##..#..[..#
...##.##..#%###.##
...##.##..#.#...o#
...##.##..#.#.#.@#
...>#.##..#.#.#..####
...##.##..#.........#
8..##.##....#.#####.#
....#.##p##.#.....#.#
∩.8.[...............#
.####.##.##.#####.###
8........##.# #.#
.####.#####.#####.###


You could see an orc warrior.

Vanquished Creatures
  Pikel (D:6)
  Sigmund (D:2)
  Eustachio (D:5)
  A hungry ghost (D:7)
  Edmund (D:4)
  Duvessa (D:7)
  A water moccasin (D:4)
  An ice beast (D:6)
  A black bear (D:7)
  A wasp (D:7)
  4 ogres
  2 centaurs
  2 bullfrogs (D:6)
  Dowan (D:7)
  3 scorpions
  2 howler monkeys
  A quasit (D:5)
  A centaur zombie (D:6)
  2 crimson imps (D:5)
  2 hounds
  5 orc priests
  Terence (D:2)
  A bullfrog skeleton (D:4)
  A centaur skeleton (D:4)
  4 orc wizards
  An iguana (D:4)
  Natasha (thrice) (D:2)
  A worker ant (D:4)
  A hound zombie (D:7)
  6 mummies (Ossuary)
  4 gnolls (D:4)
  9 adders
  2 shadow imps
  An ooze (D:2)
  2 adder skeletons
  An adder zombie (D:6)
  5 worms
  2 leopard geckos
  30 orcs
  10 bats
  5 giant cockroaches
  9 goblins
  6 hobgoblins
  17 jackals
  2 quokkas
  2 ball pythons
  A ball python skeleton (D:4)
  A ball python zombie (D:5)
  6 frilled lizards
  2 gnoll zombies (Ossuary)
  2 hobgoblin zombies (Ossuary)
  A jackal skeleton (D:7)
  A jackal zombie (D:7)
  4 kobolds
  2 leopard gecko skeletons
  2 orc zombies (Ossuary)
  A quokka skeleton (D:6)
  10 rats
194 creatures vanquished.

Vanquished Creatures (collateral kills)
  2 mummies (Ossuary)
  A hobgoblin zombie (Ossuary)
  An orc zombie (Ossuary)
4 creatures vanquished.

Vanquished Creatures (others)
  A slave (D:6)
  A hound (D:6)
  A worker ant (D:6)
  An adder (D:6)
  An orc (D:6)
  A giant cockroach (D:6)
  2 fungi (D:7)
8 creatures vanquished.

Grand Total: 206 creatures vanquished

Notes
Turn   | Place    | Note
-------+----------+-------------------------------------------
     0 | D:1      | Alarkh the Mummy Necromancer began the quest for the Orb.
     0 | D:1      | Reached XP level 1. HP: 13/13 MP: 3/3
   187 | D:1      | Reached XP level 2. HP: 8/19 MP: 0/5
   781 | D:1      | Reached XP level 3. HP: 14/24 MP: 0/7
   852 | D:1      | Learned a level 3 spell: Vampiric Draining
   910 | D:2      | Noticed Natasha
   984 | D:2      | Noticed Terence
  1379 | D:2      | Noticed Sigmund
  1393 | D:2      | Killed Natasha
  1393 | D:2      | Reached XP level 4. HP: 21/30 MP: 3/8
  1412 | D:2      | Noticed Natasha
  1416 | D:2      | Killed Natasha
  1416 | D:2      | Reached skill level 5 in Necromancy
  1491 | D:2      | Noticed Natasha
  1820 | D:2      | Killed Natasha
  2145 | D:2      | Reached XP level 5. HP: 19/35 MP: 0/10
  2301 | D:2      | Killed Terence
  2511 | D:2      | Killed Sigmund
  2511 | D:2      | Reached XP level 6. HP: 34/41 MP: 4/12
  2582 | D:2      | Found a burning altar of Makhleb.
  2655 | D:2      | Found a glowing golden altar of the Shining One.
  2973 | D:3      | Reached skill level 5 in Spellcasting
  3018 | D:3      | Found an opulent altar of Gozag.
  3044 | D:3      | Found a snail-covered altar of Cheibriados.
  3114 | D:3      | Reached XP level 7. HP: 46/46 MP: 8/14
  3485 | D:4      | Found Lodaor's Serpentskin Sales.
  4164 | D:5      | Entered Level 5 of the Dungeon
  4205 | D:5      | Found a bloodstained altar of Trog.
  4211 | D:5      | Reached skill level 1 in Long Blades
  4226 | D:5      | Noticed Edmund
  4247 | D:5      | Reached XP level 8. HP: 52/52 MP: 9/17
  4276 | D:4      | Killed Edmund
  4276 | D:4      | Reached skill level 2 in Long Blades
  4375 | D:5      | Reached skill level 3 in Long Blades
  4605 | D:5      | Found a staircase to the Ecumenical Temple.
  4687 | D:5      | Reached skill level 4 in Long Blades
  4693 | Temple   | Entered the Ecumenical Temple
  4875 | Temple   | Became a worshipper of Warmaster Okawaru
  4962 | D:5      | Noticed Eustachio
  5020 | D:5      | Killed Eustachio
  5020 | D:5      | Reached skill level 5 in Long Blades
  5369 | D:6      | Found a radiant altar of Vehumet.
  5370 | D:6      | Noticed Pikel
  5386 | D:6      | Killed Pikel
  5386 | D:6      | Reached * piety under Okawaru
  5386 | D:6      | Reached skill level 6 in Long Blades
  5386 | D:6      | Reached XP level 9. HP: 33/57 MP: 3/18
  5515 | D:6      | Reached skill level 7 in Long Blades
  5694 | D:6      | Found Amif's Armour Shop.
  5717 | D:6      | Bought a +0 pair of gloves for 54 gold pieces
  5717 | D:6      | Bought a +2 cloak for 198 gold pieces
  5868 | D:6      | Found a sand-covered staircase.
  5885 | Ossuary  | Entered an ossuary
  5917 | Ossuary  | Learned a level 4 spell: Control Undead
  6229 | D:6      | Reached ** piety under Okawaru
  6333 | D:6      | You fall through a shaft for 2 floors!
  6365 | D:7      | Reached skill level 8 in Long Blades
  6423 | D:7      | Found a blossoming altar of Fedhas.
  6789 | D:7      | Noticed Duvessa
  6790 | D:7      | Noticed Dowan
  6821 | D:7      | Killed Duvessa
  6951 | D:7      | Found a glowing silver altar of Zin.
  6988 | D:7      | Killed Dowan
  7038 | D:6      | Noticed a rust devil
  7038 | D:6      | Noticed a rust devil
  7143 | D:6      | Slain by an orc warrior

Vault maps used:
D:1:      lightli_arrival_boilingwater, minivault_4, minmay_stone_trees_small,
          feat_on_display
D:2:      marbit_many_paths, tso_oasis_becter, uniq_natasha, uniq_sigmund,
          uniq_terence
D:3:      lemuel_round_altar, old_standard_altar, kennysheep_small_spiral
D:4:      kennysheep_spiral_hall, guppyfry_shop_venom
D:5:      lemuel_doored_altar, first_bread, hangedman_decor_push,
          uniq_eustachio, uniq_edmund
D:6:      cheibrodos_iron_armory, vehumet_crystals, serial_shops,
          nicolae_shop_statue_plus, enter_ossuary_5, uniq_pikel
D:7:      old_forge, kennysheep_mini, fedhas_altar_3, st_stairs_8,
          grunt_ogre_cave, corner_web_ring, makhleb_blood_cavern_becter,
          uniq_duvessa
D:8:      old_standard_altar, serial_shops, nicolae_shop_stone
Temple:   minmay_temple_bridge_abc
Ossuary:  ossuary_tomb_3

Skill      XL: |  1  2  3  4  5  6  7  8  9 |
---------------+----------------------------+-----
Spellcasting   | 3 4 5 6 |  6.0
Necromancy     | 5 6 7 |  7.5
Long Blades    | 1 6 8 |  8.9
Dodging        | |  1.5
Stealth        | |  1.5

Action                   |  1- 3 |  4- 6 |  7- 9 || total
-------------------------+-------+-------+-------++-------
Melee: Unarmed           |    11 |       |       ||    11
       Dagger            |    11 |    17 |       ||    28
       Falchion          |       |    25 |    46 ||    71
       Halberd           |       |       |    20 ||    20
       Flail             |       |       |   208 ||   208
 Cast: Pain              |    75 |   103 |   248 ||   426
       Vampiric Draining |       |     3 |    15 ||    18
       Control Undead    |       |       |     3 ||     3
Evoke: Wand              |       |       |     8 ||     8
  Use: Scroll            |       |     3 |     8 ||    11
 Stab: Sleeping          |       |     2 |       ||     2
       Distracted        |       |       |     2 ||     2
Armor: Robe              |     9 |    12 |       ||    21
       Ring mail         |       |     4 |   295 ||   299
Dodge: Dodged            |    44 |    42 |   300 ||   386
